 Dungeon Crawl Stone Soup version 0.20.1-1-g8b1a95d (webtiles) character file.

253 Gremour the Slasher (level 6, 0/37 HPs)
             Began as a Gargoyle Monk on Dec 29, 2017.
             Slain by Menkaure (19 damage)
             ... on level 4 of the Dungeon.
             The game lasted 00:19:45 (4223 turns).

Gremour the Slasher (Gargoyle Monk)                 Turns: 4223, Time: 00:19:45

Health: 0/37       AC: 13    Str: 14    XL:     6   Next: 14%
Magic:  6/6        EV:  6    Int: 11    God:
Gold:   235        SH:  0    Dex: 14    Spells: 5/5 levels left

rFire    . . .     SeeInvis .   a - +0 falchion
rCold    . . .     Gourm    .   (no shield)
rNeg     + . .     Faith    .   m - +0 chain mail
rPois    ∞         Spirit   .   (no helmet)
rElec    +         Reflect  .   (no cloak)
rCorr    .         Harm     .   e - +0 pair of gloves
MR       .....                  (no boots)
Stlth    ..........             (no amulet)
Regen    0.2/turn               (no ring)
MPRegen  0.1/turn               (no ring)

@: no status effects
A: negative energy resistance 1, electricity resistance, unbreathing,
petrification resistance, rot immunity, AC +4
a: no special abilities


You were on level 4 of the Dungeon.
You were not hungry.

You visited 2 branches of the dungeon, and saw 5 of its levels.

You collected 235 gold pieces.

Inventory:

Hand Weapons
 a - a +0 falchion (weapon)
Armour
 e - a +0 pair of gloves (worn)
 m - a +0 chain mail (worn)
Scrolls
 d - 3 scrolls of teleportation
 g - a scroll of immolation {unknown}
 i - 5 scrolls of identify
 k - 3 scrolls of remove curse {unknown}
 n - a scroll of recharging {unknown}
 o - a scroll of random uselessness {unknown}
 r - a scroll of fog {unknown}
Potions
 b - a potion of brilliance
 l - a potion of berserk rage
 p - a potion of haste {unknown}
 q - a potion of curing
Comestibles
 c - a bread ration
 h - 3 meat rations
 j - a royal jelly
 s - 3 fruits


   Skills:
 - Level 3.2 Fighting
 + Level 6.1 Long Blades
 - Level 2.4 Dodging
 - Level 2.1 Stealth


You had 5 spell levels left.
You didn't know any spells.

Dungeon Overview and Level Annotations

Branches:
Dungeon (4/15)             Temple (1/1) D:4

Altars:
Cheibriados
Dithmenos
Elyvilon
Fedhas
Gozag
Kikubaaqudgha
Makhleb
Nemelex Xobeh
Okawaru
Qazlal
Ru
Sif Muna
Uskayaw
Vehumet
Yredelemnul
Zin

Portals:
Sewer: D:4

Annotations:
D:4 Menkaure


Innate Abilities, Weirdness & Mutations

You are resistant to torment.
Your stone body is resilient. (AC +4)
You are immune to poison.
You resist negative energy. (rN+)
You are resistant to electric shocks. (rElec)
You can survive without breathing.
You are immune to petrification.
You are immune to rotting.


Message History

The ball python barely misses you.
You slash the ball python!
You kill the ball python!
Menkaure casts a spell.
Menkaure seems to speed up.
The slave hits you. The slave hits you but does no damage. The slave hits you.
The giant cockroach bites you but does no damage.
Menkaure calls on the powers of darkness!
The giant cockroach convulses!
The slave convulses!
Your body is wracked with pain!
The giant cockroach bites you but does no damage.
You hit the giant cockroach.
You kill the giant cockroach!
You hit Menkaure.
Menkaure is moderately damaged.
Menkaure hits you!!
Ouch! That really hurt!
You die...

,,*,,$..##..⌠...⌠..#.p..#.....#,,
,,*,....+#.........#....#.....#,,
,,+,..,.......>......#+##.....#<,
,,*,.,..##.........#......#******
,,*,,,.,,#..⌠...⌠..#......#*,>,**
,,*,,,,..........p........#*≈≈≈**
,,*,,,,..#.....?...#...##.#*,,,**
,,*,,,,..##.##.##M##...#*,#*,,,**
,,*,,,,,,.......@..#...#*,***+***
*****,,,,....##+####...#*,*,8,8,*
,,,,*,,,,.,..*,,,,,,,,.+,,*,,_,,*
,,,,+,,,,,,,,*,,,,,,,,.#*,**,,,**
,,,,*,,,,,,,,*,,,,,,,,,**,,**,**,
,,,,*,,,,,,,,*,,,,,,,,,,,,,,,,,,,
,,,,*,,,,,,,,*,,,,,,,,,,,,,,,,,,,
,,,,*,,,,,,,,********+***,,,,,,,,
,,,,********,,,,,,,*,,,**,,,,,,,,


You could see a slave and Menkaure.

Vanquished Creatures
  2 orc wizards (D:3)
  A worker ant (D:3)
  6 adders
  2 worms (D:2)
  3 dart slugs
  5 leopard geckos
  6 orcs (D:3)
  3 ball pythons
  5 giant cockroaches
  7 goblins
  13 hobgoblins
  9 jackals
  2 quokkas (D:3)
  11 bats
  A frilled lizard (D:3)
  9 kobolds
  11 rats
96 creatures vanquished.

Notes
Turn   | Place    | Note
-------+----------+-------------------------------------------
     0 | D:1      | Gremour the Gargoyle Monk began the quest for the Orb.
     0 | D:1      | Reached XP level 1. HP: 14/14 MP: 1/1
   106 | D:1      | Reached skill level 3 in Long Blades
   128 | D:1      | Reached XP level 2. HP: 11/19 MP: 2/2
   418 | D:1      | Reached XP level 3. HP: 13/23 MP: 3/3
   985 | D:1      | Reached skill level 4 in Long Blades
  1270 | D:2      | Reached XP level 4. HP: 16/28 MP: 4/4
  1324 | D:2      | Found a burning altar of Makhleb.
  1328 | D:2      | Noticed an Executioner
  1329 | D:2      | Found a glowing silver altar of Zin.
  1330 | D:2      | Noticed an angel
  2820 | D:3      | Reached skill level 5 in Long Blades
  2820 | D:3      | Reached XP level 5. HP: 25/32 MP: 5/5
  3539 | D:3      | Found a faded altar of an unknown god.
  3600 | D:3      | Found a radiant altar of Vehumet.
  3740 | D:3      | Reached XP level 6. HP: 36/37 MP: 6/6
  3875 | D:3      | Reached skill level 6 in Long Blades
  4114 | D:4      | Found a staircase to the Ecumenical Temple.
  4124 | Temple   | Entered the Ecumenical Temple
  4191 | D:4      | Found a glowing drain.
  4194 | D:4      | Noticed Menkaure
  4195 | D:4      | Noticed a slave
  4196 | D:4      | Noticed a slave
  4198 | D:4      | Noticed a slave
  4198 | D:4      | Noticed a slave
  4223 | D:4      | Slain by Menkaure

Skill      XL: |  1  2  3  4  5  6 |
---------------+-------------------+-----
Long Blades    | 3 4 5 6 |  6.1
Fighting       | |  3.2
Dodging        | |  2.4
Stealth        | |  2.1

Action                   |  1- 3 |  4- 6 || total
-------------------------+-------+-------++-------
Melee: Falchion          |   148 |   267 ||   415
  Use: Potion            |     1 |       ||     1
       Scroll            |       |     4 ||     4
 Stab: Sleeping          |     2 |       ||     2
  Eat: Chunk             |     1 |     9 ||    10
       Fruit             |       |     1 ||     1
Armor: Robe              |    36 |       ||    36
       Chain mail        |    62 |   180 ||   242
Dodge: Dodged            |   106 |    71 ||   177
       Rpst.: Falchion   |    33 |    21 ||    54
